TOP OF THE 1ST |
Buckhead Bowties batting - Pitching for San Mateo Dirty Reds : RHP Anastasio Cabanillas Jr.
|
Pitching: RHP Anastasio Cabanillas Jr.
|
|
Batting: SHB Silvio Capitanio
|
0-0: Called Strike 0-1: Fly out, F9 (Flyball, 89M, EV 86.9 MPH)
|
Batting: LHB Marcus Shill
|
0-0: Ball 1-0: Ball 2-0: Foul Ball, location: 2F 2-1: Ball 3-1: Base on Balls
|
Batting: LHB Jesús Encarnación
|
0-0: Swinging Strike 0-1: Called Strike 0-2: Ball 1-2: Ball 2-2: Fly out, F7 (Flyball, 7LM, EV 71.2 MPH)
|
Batting: LHB Jared Schneider
|
0-0: Called Strike 0-1: Ground out 4-3 (Groundball, 4M, EV 110.6 MPH)
|
Top of the 1st over - 0 runs, 0 hits, 0 errors, 1 left on base; Buckhead 0 - San Mateo 0 |
BOTTOM OF THE 1ST |
San Mateo Dirty Reds batting - Pitching for Buckhead Bowties : RHP Cam Lumsden
|
Pitching: RHP Cam Lumsden
|
|
Batting: SHB Shiki Sanu
|
0-0: Fly out, F8 (Flyball, 8LD, EV 103.1 MPH)
|
Batting: RHB Kawenaula Alohalani
|
0-0: Foul Ball, location: 2F 0-1: Ball 1-1: Swinging Strike 1-2: Fly out, F7 (Line Drive, 7, EV 97.5 MPH)
|
Batting: LHB Esteban Sifuentes
|
0-0: Called Strike 0-1: Ball 1-1: Ground out 6-3 (Groundball, 56, EV 82.5 MPH)
|
Bottom of the 1st over - 0 runs, 0 hits, 0 errors, 0 left on base; Buckhead 0 - San Mateo 0 |
TOP OF THE 2ND |
Buckhead Bowties batting - Pitching for San Mateo Dirty Reds : RHP Anastasio Cabanillas Jr.
|
Batting: LHB Spencer Powell
|
0-0: Ball 1-0: Ground out 1-3 (Groundball, 15S, EV 68.8 MPH)
|
Batting: LHB Charles Godard
|
0-0: Ball 1-0: Ball 2-0: Ground out 4-3 (Groundball, 4D, EV 99.4 MPH)
|
Batting: RHB Juan Barrón
|
0-0: Ball 1-0: Called Strike 1-1: Swinging Strike 1-2: SINGLE (Line Drive, 7S, EV 96.9 MPH)
|
Batting: RHB Félix Fernández
|
0-0: Swinging Strike 0-1: Fly out, F7 (Flyball, 78M, EV 90.0 MPH)
|
Top of the 2nd over - 0 runs, 1 hit, 0 errors, 1 left on base; Buckhead 0 - San Mateo 0 |
BOTTOM OF THE 2ND |
San Mateo Dirty Reds batting - Pitching for Buckhead Bowties : RHP Cam Lumsden
|
Batting: RHB Javier Sierra
|
0-0: SOLO HOME RUN (Flyball, 89XD, EV 91.9 MPH), Distance : 384 ft
|
Batting: RHB Dong-young Won
|
0-0: Ball 1-0: Ball 2-0: Called Strike 2-1: Swinging Strike 2-2: Foul Ball, location: 2F 2-2: Ball 3-2: Base on Balls
|
Batting: LHB Palaie Gaoteote
|
0-0: Foul Ball, location: 2F 0-1: Ball 1-1: Ball 2-1: Called Strike 2-2: Fly out, F8 (Flyball, 8LXD, EV 89.4 MPH)
|
Batting: RHB Ambrose Watkins
|
0-0: Fly out, F7 (Flyball, 7S, EV 91.2 MPH)
|
Batting: RHB Daniel MacKinder
|
0-0: Ball 1-0: Ball 2-0: SINGLE (Groundball, 34D, EV 106.9 MPH) Dong-young Won to second Runner from 2nd tries for 3rd, SAFE, no throw by RF
|
Batting: LHB Walker Ragland
|
0-0: Ball 1-0: Called Strike 1-1: Ball 2-1: Foul Ball, location: 2F 2-2: Ground out 1-3 (Groundball, 23, EV 79.4 MPH)
|
Bottom of the 2nd over - 1 run, 2 hits, 0 errors, 2 left on base; Buckhead 0 - San Mateo 1 |
TOP OF THE 3RD |
Buckhead Bowties batting - Pitching for San Mateo Dirty Reds : RHP Anastasio Cabanillas Jr.
|
Batting: RHB Obiniana Romulo
|
0-0: Called Strike 0-1: Ball 1-1: Ball 2-1: SINGLE (Groundball, 15S, EV 61.9 MPH) (infield hit)
|
Batting: SHB Silvio Capitanio
|
0-0: Swinging Strike 0-1: SINGLE (Line Drive, 89M, EV 98.1 MPH) Obiniana Romulo to second
|
Batting: LHB Marcus Shill
|
0-0: Ball 1-0: Ball 2-0: Called Strike 2-1: Called Strike 2-2: Fielders Choice at 2nd, 3-6 (Groundball, 34, EV 79.4 MPH) Obiniana Romulo to third
|
Batting: LHB Jesús Encarnación
|
0-0: Ball Marcus Shill steals 2nd base 1-0: Called Strike 1-1: Swinging Strike 1-2: Ball 2-2: Strikes out swinging
|
Batting: LHB Jared Schneider
|
0-0: Called Strike 0-1: Foul Ball, location: 2F 0-2: Foul Ball, location: 2F 0-2: Fly out, F8 (Flyball, 8LXD, EV 98.1 MPH)
|
Top of the 3rd over - 0 runs, 2 hits, 0 errors, 2 left on base; Buckhead 0 - San Mateo 1 |
BOTTOM OF THE 3RD |
San Mateo Dirty Reds batting - Pitching for Buckhead Bowties : RHP Cam Lumsden
|
Batting: SHB Shiki Sanu
|
0-0: Foul Ball, location: 2F 0-1: Ball 1-1: Ball 2-1: Ball 3-1: Foul Ball, location: 2F 3-2: Base on Balls
|
Pitching: RHP Omar Morales
|
|
Batting: RHB Kawenaula Alohalani
|
0-0: Called Strike 0-1: Ball 1-1: Ball 2-1: Ball 3-1: Base on Balls Shiki Sanu to second
|
Batting: LHB Esteban Sifuentes
|
0-0: Ball 1-0: Foul Ball, location: 2F 1-1: Swinging Strike 1-2: Fly out, F7 (Flyball, 8LM, EV 93.1 MPH)
|
Batting: RHB Javier Sierra
|
0-0: Ball 1-0: Ball 2-0: Foul Ball, location: 2F 2-1: Ball 3-1: Foul Ball, location: 2F 3-2: Base on Balls Shiki Sanu to third Kawenaula Alohalani to second
|
Batting: RHB Dong-young Won
|
0-0: Ball 1-0: Ball 2-0: Called Strike 2-1: Ball 3-1: Base on Balls Shiki Sanu scores Kawenaula Alohalani to third Javier Sierra to second
|
Batting: LHB Palaie Gaoteote
|
0-0: Ball 1-0: Foul Ball, location: 2F 1-1: Ball 2-1: SINGLE (Line Drive, 3D, EV 104.4 MPH) Kawenaula Alohalani scores Javier Sierra to third Dong-young Won to second
|
Batting: RHB Ambrose Watkins
|
0-0: Foul Ball, location: 2F 0-1: Ball 1-1: Foul Ball, location: 2F 1-2: Strikes out swinging
|
Batting: RHB Daniel MacKinder
|
0-0: Swinging Strike 0-1: Foul Ball, location: 2F 0-2: Foul Ball, location: 2F 0-2: Foul Ball, location: 2F 0-2: SINGLE (Groundball, 56D, EV 97.5 MPH) Javier Sierra scores Dong-young Won to third Palaie Gaoteote to second Runner from 3rd tries for Home, SAFE, throw by LF to home
|
Batting: LHB Walker Ragland
|
0-0: Called Strike 0-1: Ball 1-1: Foul Ball, location: 2F 1-2: Foul Ball, location: 2F 1-2: Ball 2-2: Ground out 1-3 (Groundball, 15, EV 72.5 MPH)
|
Bottom of the 3rd over - 4 runs, 2 hits, 0 errors, 2 left on base; Buckhead 0 - San Mateo 5 |
TOP OF THE 4TH |
Buckhead Bowties batting - Pitching for San Mateo Dirty Reds : RHP Anastasio Cabanillas Jr.
|
Batting: LHB Spencer Powell
|
0-0: Called Strike 0-1: Called Strike 0-2: Foul Ball, location: 2F 0-2: Ball 1-2: Ball 2-2: Fly out, F9 (Flyball, 9S, EV 83.8 MPH)
|
Batting: LHB Charles Godard
|
0-0: Ball 1-0: Ball 2-0: Ball 3-0: Called Strike 3-1: SOLO HOME RUN (Line Drive, 89XD, EV 103.8 MPH), Distance : 383 ft
|
Batting: RHB Juan Barrón
|
0-0: SINGLE (Line Drive, 6MD, EV 106.2 MPH)
|
Batting: RHB Félix Fernández
|
0-0: Grounds into double play, 4-6-3 (Groundball, 4, EV 90.0 MPH)
|
Top of the 4th over - 1 run, 2 hits, 0 errors, 0 left on base; Buckhead 1 - San Mateo 5 |
BOTTOM OF THE 4TH |
San Mateo Dirty Reds batting - Pitching for Buckhead Bowties : RHP Omar Morales
|
Batting: SHB Shiki Sanu
|
0-0: Ball 1-0: SINGLE (Line Drive, 78S, EV 109.4 MPH)
|
Batting: RHB Kawenaula Alohalani
|
0-0: Swinging Strike 0-1: Fly out, F8 (Flyball, 8LXD, EV 105.6 MPH)
|
Batting: LHB Esteban Sifuentes
|
0-0: Ball 1-0: Called Strike 1-1: Ball 2-1: Ball 3-1: Foul Ball, location: 2F 3-2: Base on Balls Shiki Sanu to second
|
Batting: RHB Javier Sierra
|
0-0: Grounds into double play, 5-4-3 (Groundball, 56, EV 101.2 MPH)
|
Bottom of the 4th over - 0 runs, 1 hit, 0 errors, 1 left on base; Buckhead 1 - San Mateo 5 |
TOP OF THE 5TH |
Buckhead Bowties batting - Pitching for San Mateo Dirty Reds : RHP Anastasio Cabanillas Jr.
|
Batting: RHB Obiniana Romulo
|
0-0: Called Strike 0-1: Ball 1-1: Foul Ball, location: 2F 1-2: Ball 2-2: Ball 3-2: Foul Ball, location: 2F 3-2: Strikes out looking
|
Batting: SHB Silvio Capitanio
|
0-0: Ball 1-0: Ground out U3 (Groundball, 3S, EV 90.6 MPH)
|
Batting: LHB Marcus Shill
|
0-0: Ball 1-0: Ball 2-0: SINGLE (Line Drive, 89S, EV 108.8 MPH)
|
Batting: LHB Jesús Encarnación
|
0-0: Foul Ball, location: 2F 0-1: Ball 1-1: Ball 2-1: Ground out U3 (Groundball, 3L, EV 81.2 MPH)
|
Top of the 5th over - 0 runs, 1 hit, 0 errors, 1 left on base; Buckhead 1 - San Mateo 5 |
BOTTOM OF THE 5TH |
San Mateo Dirty Reds batting - Pitching for Buckhead Bowties : RHP Omar Morales
|
Batting: RHB Dong-young Won
|
0-0: Swinging Strike 0-1: Swinging Strike 0-2: Foul Ball, location: 2F 0-2: Ball 1-2: Ball 2-2: Ball 3-2: Foul Ball, location: 2F 3-2: Foul Ball, location: 2F 3-2: Fly out, F9 (Line Drive, 9, EV 90.0 MPH)
|
Pitching: RHP Chin-yau Liu
|
|
Batting: LHB Palaie Gaoteote
|
0-0: Called Strike 0-1: Ball 1-1: Ball 2-1: Fly out, F7 (Flyball, 7LSF, EV 84.4 MPH)
|
Batting: RHB Ambrose Watkins
|
0-0: Called Strike 0-1: Ball 1-1: Foul Ball, location: 2F 1-2: Ball 2-2: Ball 3-2: Foul Ball, location: 2F 3-2: Strikes out swinging
|
Bottom of the 5th over - 0 runs, 0 hits, 0 errors, 0 left on base; Buckhead 1 - San Mateo 5 |
TOP OF THE 6TH |
Buckhead Bowties batting - Pitching for San Mateo Dirty Reds : RHP Anastasio Cabanillas Jr.
|
Batting: LHB Jared Schneider
|
0-0: Called Strike 0-1: Foul Ball, location: 2F 0-2: Ball 1-2: Foul Ball, location: 2F 1-2: Ground out 4-3 (Groundball, 34, EV 101.9 MPH)
|
Batting: LHB Spencer Powell
|
0-0: Ball 1-0: Ball 2-0: Ball 3-0: Swinging Strike 3-1: Called Strike 3-2: Foul Ball, location: 2F 3-2: SINGLE (Groundball, 4MD, EV 108.8 MPH)
|
Batting: LHB Charles Godard
|
0-0: Ball 1-0: Foul Ball, location: 2F 1-1: Ball 2-1: Fielders Choice at 2nd, 2-4 (Groundball, 15S, EV 71.2 MPH)
|
Batting: RHB Juan Barrón
|
0-0: Called Strike 0-1: Fly out, F9 (Flyball, 9D, EV 105.6 MPH)
|
Top of the 6th over - 0 runs, 1 hit, 0 errors, 1 left on base; Buckhead 1 - San Mateo 5 |
BOTTOM OF THE 6TH |
San Mateo Dirty Reds batting - Pitching for Buckhead Bowties : RHP Chin-yau Liu
|
Batting: RHB Daniel MacKinder
|
0-0: Ball 1-0: Foul Ball, location: 2F 1-1: SINGLE (Line Drive, 34D, EV 95.6 MPH)
|
Batting: LHB Walker Ragland
|
0-0: Ball 1-0: Swinging Strike 1-1: Ball 2-1: Ball 3-1: Base on Balls Daniel MacKinder to second
|
Batting: SHB Shiki Sanu
|
0-0: Ball 1-0: Called Strike 1-1: Ball 2-1: Ball 3-1: SINGLE (Groundball, 3D, EV 96.9 MPH) Daniel MacKinder to third Walker Ragland to second
|
Batting: RHB Kawenaula Alohalani
|
0-0: Ball 1-0: Called Strike 1-1: Called Strike 1-2: Ball 2-2: Ball 3-2: Foul Ball, location: 2F 3-2: Grounds into double play, 6-4-3 (Groundball, 6, EV 80.0 MPH) Daniel MacKinder scores Walker Ragland to third
|
Batting: LHB Esteban Sifuentes
|
0-0: Fly out, F9 (Flyball, 9S, EV 93.1 MPH)
|
Bottom of the 6th over - 1 run, 2 hits, 0 errors, 1 left on base; Buckhead 1 - San Mateo 6 |
TOP OF THE 7TH |
Buckhead Bowties batting - Pitching for San Mateo Dirty Reds : RHP Anastasio Cabanillas Jr.
|
Batting: RHB Félix Fernández
|
0-0: Fly out, F8 (Flyball, 8LD, EV 101.9 MPH)
|
Pitching: RHP Matt Digby
|
|
Batting: RHB Obiniana Romulo
|
0-0: Ball 1-0: Ball 2-0: Fly out, F8 (Line Drive, 8RD, EV 99.4 MPH)
|
Batting: SHB Silvio Capitanio
|
0-0: Ball 1-0: Called Strike 1-1: Called Strike 1-2: Ball 2-2: Ball 3-2: Ground out 4-3 (Groundball, 4, EV 81.2 MPH)
|
Top of the 7th over - 0 runs, 0 hits, 0 errors, 0 left on base; Buckhead 1 - San Mateo 6 |
BOTTOM OF THE 7TH |
San Mateo Dirty Reds batting - Pitching for Buckhead Bowties : RHP Chin-yau Liu
|
Batting: RHB Javier Sierra
|
0-0: Fly out, F8 (Flyball, 8LM, EV 92.5 MPH)
|
Batting: RHB Dong-young Won
|
0-0: Ball 1-0: Swinging Strike 1-1: Called Strike 1-2: Ball 2-2: Ground out 6-3 (Groundball, 6, EV 106.9 MPH)
|
Batting: LHB Palaie Gaoteote
|
0-0: Called Strike 0-1: Ground out 6-3 (Groundball, 4MS, EV 72.5 MPH)
|
Bottom of the 7th over - 0 runs, 0 hits, 0 errors, 0 left on base; Buckhead 1 - San Mateo 6 |
TOP OF THE 8TH |
Buckhead Bowties batting - Pitching for San Mateo Dirty Reds : RHP Matt Digby
|
Batting: LHB Marcus Shill
|
0-0: Ball 1-0: Swinging Strike 1-1: Ball 2-1: Fly out, F5 (Popup, 56, EV 78.1 MPH)
|
Batting: LHB Jesús Encarnación
|
0-0: Fly out, F9 (Flyball, 9D, EV 92.5 MPH)
|
Batting: LHB Jared Schneider
|
0-0: Ball 1-0: Called Strike 1-1: Fly out, F7 (Flyball, 78M, EV 90.6 MPH)
|
Top of the 8th over - 0 runs, 0 hits, 0 errors, 0 left on base; Buckhead 1 - San Mateo 6 |
BOTTOM OF THE 8TH |
San Mateo Dirty Reds batting - Pitching for Buckhead Bowties : RHP Chin-yau Liu
|
Batting: RHB Ambrose Watkins
|
0-0: Foul Ball, location: 2F 0-1: Fly out, F3 (Popup, 3S, EV 65.0 MPH)
|
Batting: RHB Daniel MacKinder
|
0-0: Called Strike 0-1: Ball 1-1: Foul Ball, location: 2F 1-2: Foul Ball, location: 2F 1-2: Fly out, F9 (Flyball, 9, EV 90.6 MPH)
|
Batting: LHB Walker Ragland
|
0-0: Swinging Strike 0-1: Ball 1-1: Ball 2-1: Ball 3-1: Swinging Strike 3-2: Strikes out swinging
|
Bottom of the 8th over - 0 runs, 0 hits, 0 errors, 0 left on base; Buckhead 1 - San Mateo 6 |
TOP OF THE 9TH |
Buckhead Bowties batting - Pitching for San Mateo Dirty Reds : RHP Matt Digby
|
Batting: LHB Spencer Powell
|
0-0: Called Strike 0-1: Ground out 4-3 (Groundball, 4S, EV 84.4 MPH)
|
Batting: LHB Charles Godard
|
0-0: Ball 1-0: Foul Ball, location: 2F 1-1: SINGLE (Groundball, 34D, EV 103.1 MPH)
|
Batting: RHB Juan Barrón
|
0-0: Foul Ball, location: 2F 0-1: Ball 1-1: Foul Ball, location: 2F 1-2: DOUBLE (Line Drive, 89D, EV 111.9 MPH) Charles Godard to third
|
Batting: RHB Félix Fernández
|
0-0: Foul Ball, location: 2F 0-1: Swinging Strike 0-2: Foul Ball, location: 2F 0-2: Foul Ball, location: 2F 0-2: Ball 1-2: Fly out, F9 (Flyball, 9S, EV 88.8 MPH)
|
Batting: RHB Obiniana Romulo
|
0-0: Ball 1-0: Ground out 5-3 (Groundball, 56, EV 89.4 MPH)
|
Top of the 9th over - 0 runs, 2 hits, 0 errors, 2 left on base; Buckhead 1 - San Mateo 6 |
|